cohdb
Replays
Latest Replays
All Replays
Popular Replays
Top Player Replays
Match Explorer
How It Works
Community
CoH3 Stats
Reddit
Sign in to upload your games and track your stats! →
Sign in with Steam
Match 39592516
Unlisted
Match 39592516
Overview
Messages
Build Orders
End
Pioneer Squad
Construct Infanterie Kompanie
MG 42 Machine Gun Team
Grenadier Squad
Construct Panzergrenadier Kompanie
251 Medium Carrier
Medical Bunker
Pak 40 Anti-tank Gun Team
251 Medium Carrier
Panzergrenadier Officer Quarters
251 Medium Carrier
Support Elements
Nebelwerfer 42 Rocket Launcher Team
Nebelwerfer 42 Rocket Launcher Team
Selects Mechanized Battlegroup
Selects Mobile Repair Stations
Pioneer Squad
Panzergrenadier Squad
Kanade
JZuna
Antoine Trinh
Calm
Azusa
Eilte
ForestJun
请您倾目与我
0
0
Comments
sign in to comment!
No comments posted yet!